 Dungeon Crawl Stone Soup version 0.28-a0-793-g31680bbd8b (webtiles) character file.

Game seed: 16342450120709943185

485 flyleaff the Covered (level 6, -2/57 HPs)
             Began as a Deep Dwarf Fighter on Nov 5, 2021.
             Slain by an orc warrior (12 damage)
             ... on level 4 of the Dungeon.
             The game lasted 00:08:07 (2824 turns).

flyleaff the Covered (Deep Dwarf Fighter)           Turns: 2824, Time: 00:08:07

Health: -2/57      AC: 13    Str: 22    XL:     6   Next: 88%
Magic:  5/5        EV:  9    Int: 14    God:
Gold:   159        SH:  6    Dex: 18    Spells: 5/5 levels left

rFire   . . .      SeeInvis .   a - +0 war axe
rCold   . . .      Faith    .   c - +0 buckler
rNeg    . . .      Spirit   .   b - +0 scale mail
rPois   .          Reflect  .   (no helmet)
rElec   .          Harm     .   f - +2 cloak
rCorr   .          Rampage  .   l - +1 pair of gloves
Will    .....                   (no boots)
Stlth   ..........              (no amulet)
HPRegen 0.00/turn               i - +6 ring of intelligence
MPRegen 0.09/turn               n - +6 ring of dexterity

@: mighty
A: damage resistance, heal wounds, sense surroundings 1, no regeneration
a: Heal Wounds


You were on level 4 of the Dungeon.
You visited 1 branch of the dungeon, and saw 4 of its levels.

You collected 159 gold pieces.

Inventory:

Hand Weapons
 a - a +0 war axe (weapon)
 e - a +4 quarterstaff of chaos
Missiles
 j - 35 poisoned darts (quivered)
Armour
 b - a +0 scale mail (worn)
 c - a +0 buckler (worn)
 f - a +2 cloak (worn)
 l - a +1 pair of gloves (worn)
 u - a +0 leather armour of cold resistance
Jewellery
 i - a +6 ring of intelligence (left hand)
 n - a +6 ring of dexterity (right hand)
 r - a ring of see invisible
Scrolls
 g - 3 scrolls of teleportation
 q - a scroll of amnesia
 s - a scroll of identify
Potions
 d - a potion of ambrosia {unknown}
 h - a potion of heal wounds
 k - a potion of berserk rage {unknown}
 m - a potion of might
 o - a potion of haste
 p - 2 potions of curing {unknown}
 t - a potion of cancellation {unknown}


   Skills:
 + Level 3.9 Fighting
 + Level 4.0 Axes
 * Level 6.0 Armour
 + Level 4.9 Shields


You had 5 spell levels left.
You didn't know any spells.
Your spell library was empty.

Dungeon Overview and Level Annotations

Branches:
Dungeon (4/15)
 Temple: D:4-7

Altars:
Kikubaaqudgha
Okawaru

Shops:
D:2 [


Innate Abilities, Weirdness & Mutations

You are resistant to damage.
You can heal yourself by infusing magical energy.
You passively map a small area around you.
You do not regenerate.


Message History

You hear a splash.
You enter the shallow water.
Moving in this stuff is going to be slow.
Things that are here:
a +0 dagger; an orc corpse You open the door.
Found a stone staircase leading down.
There is an open door here.
An orc wizard comes into view. It is wielding a +0 dagger.
The orc wizard shouts!
An orc wizard is nearby!
An orc wizard is nearby!
An orc wizard is nearby!
An orc wizard is nearby!
An orc comes into view. It is wielding a +0 club.
The orc shouts!
An orc comes into view. It is wielding a +0 hand axe.
An orc warrior comes into view. It is wielding a +0 halberd.
The orc warrior shouts!
The orc shouts!
Found a silver wand.
The orc wizard gestures at you while chanting.
The puff of flame hits you but does no damage.
You closely miss the orc wizard.
The orc wizard hits you but does no damage.
You slash the orc wizard!
The orc wizard is severely wounded.
You hit the orc but do no damage. The orc wizard barely misses you.
The orc hits you with a +0 club.
You miss the orc wizard.
The orc wizard is severely wounded.
You barely miss the orc. You slash the orc!
You kill the orc!
The orc wizard gestures at you while chanting.
You easily resist.
The orc completely misses you.
The orc warrior hits you from afar with a +0 halberd!
* * * LOW HITPOINT WARNING * * *
The orc wizard hits you but does no damage.
You feel very mighty all of a sudden.
The orc warrior hits you from afar with a +0 halberd!
You die...

......#* #####.# #....../..
.[..#.# * * #.........
.#..#.##.# #......... *
.#.....#.#.# #.........
.#..#..#.#.# #.........
.#.....#.#.#### #.........
.##.#..........######)........
................@.o##.........,
.........#.###.###..##.o......
*
...................o.o..>.....
*
#........#.#...####'##.#.#####
#.#.##...# #. #..........#
..#.##...#.#.##..........#
###...†..#.#.##..........#
...........#.#######'#+#.#
.......................#.#


You could see an orc warrior, an orc wizard and an orc.

Vanquished Creatures
  A black bear (D:4)
  2 scorpions (D:4)
  A bullfrog skeleton (D:4)
  Crazy Yiuf (D:2)
  An iguana (D:4)
  3 orc wizards (D:4)
  2 adders
  A worm (D:2)
  3 dart slugs
  6 orcs
  6 ball pythons
  3 endoplasms
  6 giant cockroaches
  9 goblins
  9 hobgoblins
  8 jackals
  8 kobolds
  4 quokkas
  7 bats
  9 frilled lizards
  4 rats
94 creatures vanquished.

Notes
Turn   | Place    | Note
-------+----------+-------------------------------------------
     0 | D:1      | flyleaff the Deep Dwarf Fighter began the quest for the
                  | Orb.
     0 | D:1      | Reached XP level 1. HP: 20/20 MP: 1/1
    43 | D:1      | Reached XP level 2. HP: 22/27 MP: 2/2
   306 | D:1      | Reached XP level 3. HP: 20/33 MP: 3/3
   413 | D:1      | Reached skill level 4 in Armour
  1050 | D:2      | Found an ancient bone altar of Kikubaaqudgha.
  1106 | D:2      | Found Uras's Antique Armour Emporium.
  1159 | D:2      | Reached XP level 4. HP: 16/42 MP: 4/4
  1196 | D:2      | Found a faded altar of an unknown god.
  1223 | D:2      | Found a runed translucent door.
  1224 | D:2      | Noticed Crazy Yiuf
  1233 | D:2      | Killed Crazy Yiuf
  1707 | D:3      | Found an iron altar of Okawaru.
  2459 | D:4      | Noticed a scorpion
  2476 | D:4      | Killed a scorpion
  2477 | D:4      | Reached skill level 5 in Armour
  2477 | D:4      | Reached XP level 5. HP: 19/49 MP: 5/5
  2584 | D:4      | Reached XP level 6. HP: 16/56 MP: 6/6
  2670 | D:4      | Reached skill level 6 in Armour
  2810 | D:4      | Noticed an orc warrior
  2824 | D:4      | Slain by an orc warrior

Illustrated notes

Levels and vault maps discovered:
D:1:      dpeg_arrival_water_temple_mockup, layout_basic, st_stairs_2,
          minmay_heptomino_w4
D:2:      layout_basic, serial_shops, nicolae_diamond_shop, basic_altar,
          dreamdust_ecumenical_altar_statues, uniq_crazy_yiuf_cottage
D:3:      layout_basic, mainiacjoe_overflow_chevrons
D:4:      layout_basic, dk_yredelemnul_ordeal, chequers_garden,
          chequers_serial_rivers_micro_a, uniq_ijyb

Skill      XL: |  1  2  3  4  5  6 |
---------------+-------------------+-----
Fighting       | 3 |  3.9
Armour         | 4 5 6 |  6.0
Axes           | 3 4 |  4.0
Shields        | 4 |  4.9

Action                   |  1- 3 |  4- 6 || total
-------------------------+-------+-------++-------
Melee: War axe           |   161 |   150 ||   311
 Abil: Heal Wounds       |       |     2 ||     2
  Use: Scroll            |     5 |     3 ||     8
       Potion            |       |     3 ||     3
Armor: Scale mail        |   104 |    76 ||   180
Dodge: Dodged            |    75 |    62 ||   137
Block: Buckler           |    47 |    39 ||    86

Table legend: (Time is in decaauts)
 A = Elapsed time spent in this place.
 B = Non-inter-level travel time spent in this place.
 C = Inter-level travel time spent in this place.
 D = Time resting spent in this place.
 E = Time spent auto-exploring this place.
 F = Levels seen in this place.
 G = Mean time per level.
                   A        B        C        D        E       F      G
               +--------+--------+--------+--------+--------+-----+--------+
         Total |   2918 |   2748 |    170 |      0 |   1950 |   4 |  729.5 |
       Dungeon |   2918 |   2748 |    170 |      0 |   1950 |   4 |  729.5 |
               +--------+--------+--------+--------+--------+-----+--------+

Top non-repeatable levels by time:
     D:3: 880 daAuts
     D:1: 877 daAuts
     D:2: 758 daAuts
     D:4: 401 daAuts
